Wiprows vs Senators
(R1)
Created - 19 septembre 2014 at 19:40
Simulating a Pre-Season
Goals
|
Wiprows |
5 |
1 |
0 |
0 |
2 |
7 |
Senators |
0 |
3 |
3 |
0 |
0 |
6 |
|
Shots
|
Wiprows |
14 |
22 |
7 |
0 |
2 |
43 |
Senators |
12 |
17 |
11 |
0 |
2 |
40 |
|
1st period
1. Wiprows , Matt Taormina 2 (Jesse Winchester, Jiri Tlusty) at 3:05 (PP)
2. Wiprows , Gord Baldwin 1 (Thomas Hickey, Nick Bonino) at 3:17
3. Wiprows , Joshua Bailey 3 (Kevin Connauton, Pavel Brendl) at 3:56
4. Wiprows , Matt Frattin 3 (Nick Bonino, Matt Taormina) at 11:29 (PP)
5. Wiprows , Jiri Tlusty 5 (Matt Taormina, Jesse Winchester) at 11:42
Penalties :
B.J. Crombeen (BIN) for Hooking (Minor) at 2:59, Vladimir Mihalik (BIN) for Diving (Minor) at 10:28, Jiri Tlusty (Win) for Hooking (Minor) at 11:53
2nd period
6. Wiprows , Nick Bonino 4 (Drayson Bowman) at 7:20 (PP)
7. Senators , Steven Goertzen 4 (Cody Hodgson) at 10:07 (PP)
8. Senators , Sergei Kostitsyn 4 (B.J. Crombeen, Josh Hennessy) at 14:05 (PP)
9. Senators , Sergei Kostitsyn 5 (B.J. Crombeen, Josh Hennessy) at 16:41
Penalties :
Brett Sterling (BIN) for Tripping (Minor) at 0:21, Josh Hennessy (BIN) for Holding (Minor) at 2:56, Vladimir Mihalik (BIN) for Interference (Minor) at 6:46, Linden Vey (Win) for Hooking (Minor) at 8:46, Jesse Winchester (Win) for Hooking (Minor) at 13:52
3rd period
10. Senators , Gabriel Bourque 2 (Logan Stephenson, Dylan Hunter) at 1:21
11. Senators , B.J. Crombeen 1 (Josh Hennessy) at 15:46
12. Senators , Shane Sims 1 (B.J. Crombeen, Josh Hennessy) at 19:45
Penalties :
Patrick Wey (BIN) for Holding (Minor) at 5:27, Pavel Brendl (Win) for Tripping (Minor) at 17:29
Overtime #1
No Goal
Penalties :
No Penalty
Shootout
Penalty Shot by Jesse Winchester for Wiprows - Goal!
Penalty Shot by Josh Hennessy for Senators - Shot Misses the Net
Penalty Shot by Jiri Tlusty for Wiprows - Goal!
Penalty Shot by B.J. Crombeen for Senators - Stopped by Al Montoya
Penalties :
No Penalty
Goalie Stats
Al Montoya (Win), 34 saves from 40 shots - (0,850), W, 3-2-0, 65:00 minutes
Alexander Salak (BIN), 32 saves from 34 shots - (0,941), OTL, 2-1-1, 52:55 minutes
Jacob Markstrom (BIN), 5 saves from 9 shots - (0,556), 11:29 minutes
Players Stats for Wiprows
Player Name G A P +/- PIM S H SB GA TA FO MP PP MP PK MP
------------------------------------------------------------------------------------
Arturs Kulda 0 0 0 -1 0 1 0 2 0 0 0/0 19:10 0:00 3:21
Brandon Bollig 0 0 0 1 0 0 3 1 0 0 0/0 13:18 0:33 0:00
Dana Tyrell 0 0 0 -2 0 1 0 1 0 0 3/6 11:13 0:33 1:58
Drayson Bowman 0 1 1 1 0 2 0 0 1 0 0/1 15:36 3:14 0:08
Gord Baldwin 1 0 1 1 0 1 0 1 0 1 0/0 16:36 0:00 2:11
Jesse Winchester 0 2 2 0 2 7 2 2 2 0 13/30 21:52 3:51 0:08
Jiri Tlusty 1 1 2 -1 2 7 2 0 1 1 1/2 21:48 3:51 0:00
Jonathan Tremblay 0 0 0 -1 0 4 0 0 0 0 0/0 9:11 0:00 1:58
Jordan Szwarz 0 0 0 -2 0 0 2 0 0 1 0/1 8:14 0:33 0:00
Joshua Bailey 1 0 1 0 0 3 3 0 0 0 8/13 14:08 0:00 3:26
Kevin Connauton 0 1 1 0 0 1 0 3 0 0 0/0 21:39 3:03 0:00
Linden Vey 0 0 0 1 2 1 4 0 0 0 1/1 18:25 3:51 0:00
Matt Frattin 1 0 1 -1 0 1 2 0 3 1 1/2 22:40 3:14 3:26
Matt Irwin 0 0 0 -1 0 3 1 1 0 2 0/0 22:26 3:03 2:11
Matt Taormina 1 2 3 -2 0 3 0 4 0 1 0/0 28:31 4:35 3:21
Nick Bonino 1 2 3 1 0 4 3 0 3 0 6/10 18:07 3:14 0:00
Pavel Brendl 0 1 1 0 2 2 2 0 0 0 0/0 10:26 0:00 0:00
Thomas Hickey 0 1 1 1 0 2 1 0 0 1 0/0 20:37 4:35 0:00
Players Stats for Senators
Player Name G A P +/- PIM S H SB GA TA FO MP PP MP PK MP
------------------------------------------------------------------------------------
B.J. Crombeen 1 3 4 2 2 7 3 1 2 1 2/2 25:36 4:13 4:30
Brett Sterling 0 0 0 -2 2 1 1 0 0 1 0/1 14:54 1:19 0:31
Cody Hodgson 0 1 1 -2 0 0 2 0 0 0 6/15 13:47 1:19 0:00
Dan Bertram 0 0 0 1 0 0 1 0 0 0 0/0 7:42 0:00 0:00
Dylan Hunter 0 1 1 0 0 0 1 0 1 0 1/1 13:00 0:00 1:39
Erik Haula 0 0 0 1 0 1 1 1 0 0 0/1 8:42 0:00 0:44
Gabriel Bourque 1 0 1 1 0 3 3 0 0 0 0/0 8:14 0:00 0:44
Jack Skille 0 0 0 0 0 3 1 0 0 0 1/1 12:04 0:00 0:00
Josh Hennessy 0 4 4 2 2 4 0 0 1 1 17/32 24:25 4:13 3:34
Logan Stephenson 0 1 1 2 0 2 0 0 1 1 0/0 18:47 1:01 2:25
Mark Olver 0 0 0 0 0 1 0 1 0 0 4/9 12:03 0:00 0:00
Nicolas Deslauriers 0 0 0 0 0 1 0 0 0 1 0/0 16:44 1:01 2:25
Patrick Wey 0 0 0 -2 2 1 2 2 0 1 0/0 22:52 0:00 0:00
Sergei Kostitsyn 2 0 2 2 0 7 1 1 2 1 0/1 23:20 4:13 1:47
Shane Sims 1 0 1 1 0 2 0 3 0 2 0/0 24:00 4:31 5:13
Steven Goertzen 1 0 1 -2 0 4 1 1 0 0 2/3 17:57 1:19 1:47
Tyson Barrie 0 0 0 2 0 2 1 0 0 0 0/0 15:53 0:00 1:23
Vladimir Mihalik 0 0 0 -1 4 1 7 2 1 1 0/0 32:16 4:31 3:50
3 Stars
1 - B.J. Crombeen (BIN)
2 - Sergei Kostitsyn (BIN)
3 - Nick Bonino (Win)
Power Play
Wiprows - 3 on 6 Attempt(s) - 50,00%
Senators - 2 on 4 Attempt(s) - 50,00%
Penalty Kill
Wiprows - 2 on 4 Attempt(s) - 50,00%
- Score 0 goal in Penalty Kill
Senators - 3 on 6 Attempt(s) - 50,00%
- Score 0 goal in Penalty Kill
Official
Referees : Hasenfratz Mike and StLaurent Francois
Linesman : Scott Driscoll and Mark Wheler
Game Notes
Alexander Salak enters game at 11:29 of 1st period
Wiprows
5 vs 5 Forward
Center Left Wing Right Wing Time % Phy DF OF
1 Jesse Winchester Jiri Tlusty Matt Frattin 36 1 0 4
2 Nick Bonino Brandon Bollig Linden Vey 30 1 1 3
3 Joshua Bailey Drayson Bowman Pavel Brendl 22 1 1 3
4 Dana Tyrell Jonathan Tremblay Jordan Szwarz 12 3 1 1
5 vs 5 Defense
Defense Defense Time % Phy DF OF
1 Matt Taormina Kevin Connauton 37 1 1 3
2 Matt Irwin Arturs Kulda 35 1 2 2
3 Thomas Hickey Gord Baldwin 25 2 2 1
4 Matt Irwin Matt Taormina 3 1 1 3
PowerPlay Forward
Center Left Wing Right Wing Time % Phy DF OF
1 Jesse Winchester Jiri Tlusty Linden Vey 55 1 0 4
2 Nick Bonino Drayson Bowman Matt Frattin 45 1 0 4
PowerPlay Defense
Defense Defense Time % Phy DF OF
1 Matt Taormina Thomas Hickey 55 0 1 4
2 Kevin Connauton Matt Irwin 45 0 1 4
Penalty Kill 4 Players Forward
Center Wing Time % Phy DF OF
1 Joshua Bailey Matt Frattin 53 1 3 1
2 Dana Tyrell Jonathan Tremblay 47 1 3 1
Penalty Kill 4 Players Defense
Defense Defense Time % Phy DF OF
1 Arturs Kulda Matt Taormina 53 1 4 0
2 Gord Baldwin Matt Irwin 47 1 4 0
Penalty Kill - 3 Players Forward
Forward Time % Phy DF OF
1 Jesse Winchester 55 0 5 0
2 Nick Bonino 45 0 5 0
Penalty Kill - 3 Players Defense
Defense Defense Time % Phy DF OF
1 Matt Taormina Arturs Kulda 60 1 4 0
2 Gord Baldwin Matt Irwin 40 1 4 0
4 vs 4 Forward
Center Wing Time % Phy DF OF
1 Jesse Winchester Jiri Tlusty 54 1 2 2
2 Nick Bonino Linden Vey 46 1 2 2
4 vs 4 Defense
Defense Defense Time % Phy DF OF
1 Matt Taormina Matt Irwin 60 1 2 2
2 Kevin Connauton Thomas Hickey 40 1 2 2
Last Minutes Offensive
Center Left Wing Right Wing Defense Defense
Jesse Winchester Jiri Tlusty Linden Vey Matt Irwin Matt Taormina
Last Minutes Defensive
Center Left Wing Right Wing Defense Defense
Dana Tyrell Arturs Kulda Jonathan Tremblay Matt Irwin Thomas Hickey
Goaltenders
Starting : Al Montoya
Backup : Thomas McCollum
Extra Forwards
Normal : Jesse Winchester, Nick Bonino, Jiri Tlusty - PP : Jesse Winchester, Jiri Tlusty - PK : Jonathan Tremblay
Extra Defensemen
Normal : Matt Taormina, Matt Irwin, Arturs Kulda - PP : Kevin Connauton - PK : Arturs Kulda, Thomas Hickey
Penalty Shots
Jesse Winchester, Jiri Tlusty, Pavel Brendl, Drayson Bowman, Linden Vey
Senators
5 vs 5 Forward
Center Left Wing Right Wing Time % Phy DF OF
1 Josh Hennessy Sergei Kostitsyn B.J. Crombeen 35 1 2 2
2 Cody Hodgson Brett Sterling Steven Goertzen 30 1 2 2
3 Mark Olver Dylan Hunter Jack Skille 20 1 2 2
4 Erik Haula Gabriel Bourque Dan Bertram 15 1 2 2
5 vs 5 Defense
Defense Defense Time % Phy DF OF
1 Vladimir Mihalik Patrick Wey 40 1 2 2
2 Logan Stephenson Tyson Barrie 30 1 2 2
3 Nicolas Deslauriers Shane Sims 20 1 2 2
4 Vladimir Mihalik Patrick Wey 10 1 2 2
PowerPlay Forward
Center Left Wing Right Wing Time % Phy DF OF
1 Josh Hennessy Sergei Kostitsyn B.J. Crombeen 60 1 2 2
2 Cody Hodgson Brett Sterling Steven Goertzen 40 1 2 2
PowerPlay Defense
Defense Defense Time % Phy DF OF
1 Vladimir Mihalik Shane Sims 60 1 2 2
2 Logan Stephenson Nicolas Deslauriers 40 1 2 2
Penalty Kill 4 Players Forward
Center Wing Time % Phy DF OF
1 Josh Hennessy B.J. Crombeen 60 1 2 2
2 Steven Goertzen Sergei Kostitsyn 40 1 2 2
Penalty Kill 4 Players Defense
Defense Defense Time % Phy DF OF
1 Vladimir Mihalik Shane Sims 60 1 2 2
2 Logan Stephenson Nicolas Deslauriers 40 1 2 2
Penalty Kill - 3 Players Forward
Forward Time % Phy DF OF
1 Josh Hennessy 60 1 2 2
2 B.J. Crombeen 40 1 2 2
Penalty Kill - 3 Players Defense
Defense Defense Time % Phy DF OF
1 Vladimir Mihalik Shane Sims 60 1 2 2
2 Logan Stephenson Nicolas Deslauriers 40 1 2 2
4 vs 4 Forward
Center Wing Time % Phy DF OF
1 Josh Hennessy B.J. Crombeen 60 1 2 2
2 Steven Goertzen Sergei Kostitsyn 40 1 2 2
4 vs 4 Defense
Defense Defense Time % Phy DF OF
1 Vladimir Mihalik Shane Sims 60 1 2 2
2 Logan Stephenson Nicolas Deslauriers 40 1 2 2
Last Minutes Offensive
Center Left Wing Right Wing Defense Defense
Josh Hennessy Sergei Kostitsyn B.J. Crombeen Vladimir Mihalik Logan Stephenson
Last Minutes Defensive
Center Left Wing Right Wing Defense Defense
Josh Hennessy Sergei Kostitsyn B.J. Crombeen Vladimir Mihalik Logan Stephenson
Goaltenders
Starting : Jacob Markstrom
Backup : Alexander Salak
Extra Forwards
Normal : Jack Skille, Mark Olver, Dylan Hunter - PP : Jack Skille, Mark Olver - PK : Dylan Hunter
Extra Defensemen
Normal : Patrick Wey, Tyson Barrie, Logan Stephenson - PP : Patrick Wey - PK : Tyson Barrie, Logan Stephenson
Penalty Shots
Josh Hennessy, B.J. Crombeen, Steven Goertzen, Sergei Kostitsyn, Brett Sterling
% Time on Ice - Wiprows
Lines # - Real PCT - Wanted PCT - Time Play
Normal Forward
1 - 31% - 36% - 14:28
2 - 29% - 30% - 13:40
3 - 20% - 22% - 9:18
4 - 20% - 12% - 9:24
Normal Defense
1 - 39% - 37% - 18:20
2 - 35% - 35% - 16:28
3 - 24% - 25% - 11:08
4 - 2% - 3% - 0:54
PP Forward
1 - 58% - 55% - 4:24
2 - 42% - 45% - 3:14
PP Defense
1 - 60% - 55% - 4:35
2 - 40% - 45% - 3:03
PK Forward
1 - 64% - 53% - 3:34
2 - 36% - 47% - 1:58
PK Defense
1 - 61% - 53% - 3:21
2 - 39% - 47% - 2:11
PK3 Forward
1 - 0% - 55%
2 - 0% - 45%
PK3 Defense
1 - 0% - 60%
2 - 0% - 40%
44 Forward
1 - 70% - 54% - 3:30
2 - 30% - 46% - 1:30
44 Defense
1 - 58% - 60% - 2:55
2 - 42% - 40% - 2:05
Last Minute Offensive - 0:00
Last Minute Defensive - 0:00
Total
Forward - 65:00
Defense - 65:00
|
% Time on Ice - Senators
Lines # - Real PCT - Wanted PCT - Time Play
Normal Forward
1 - 31% - 35% - 14:20
2 - 31% - 30% - 14:35
3 - 22% - 20% - 10:26
4 - 16% - 15% - 7:29
Normal Defense
1 - 42% - 40% - 19:43
2 - 30% - 30% - 14:12
3 - 22% - 20% - 10:23
4 - 5% - 10% - 2:32
PP Forward
1 - 76% - 60% - 4:13
2 - 24% - 40% - 1:19
PP Defense
1 - 82% - 60% - 4:31
2 - 18% - 40% - 1:01
PK Forward
1 - 77% - 60% - 5:51
2 - 23% - 40% - 1:47
PK Defense
1 - 68% - 60% - 5:13
2 - 32% - 40% - 2:25
PK3 Forward
1 - 0% - 60%
2 - 0% - 40%
PK3 Defense
1 - 0% - 60%
2 - 0% - 40%
44 Forward
1 - 76% - 60% - 3:47
2 - 24% - 40% - 1:13
44 Defense
1 - 57% - 60% - 2:51
2 - 43% - 40% - 2:09
Last Minute Offensive - 0:00
Last Minute Defensive - 0:00
Total
Forward - 65:00
Defense - 65:00
|
Play by Play
1st period
0:01 of 1st period - Matt Frattin wins face-off versus Josh Hennessy in neutral zone.
1:18 of 1st period - Slapshot by Dana Tyrell.
1:18 of 1st period - Stopped by Jacob Markstrom without a rebound.
1:19 of 1st period - Jesse Winchester wins face-off versus Josh Hennessy in Senators zone.
1:46 of 1st period - Gord Baldwin is hit by Cody Hodgson and loses puck.
2:09 of 1st period - Snap shot by Joshua Bailey.
2:09 of 1st period - Shot Misses the Net.
2:27 of 1st period - Snap shot by Jack Skille.
2:27 of 1st period - Shot Misses the Net.
2:37 of 1st period - Snap shot by Jack Skille.
2:37 of 1st period - Deflect By Mark Olver.
2:37 of 1st period - Shot Misses the Net.
2:37 of 1st period - Puck is out of play.
2:38 of 1st period - Josh Hennessy wins face-off versus Jesse Winchester in Wiprows zone.
2:53 of 1st period - Slapshot by Jiri Tlusty.
2:53 of 1st period - Stopped by Jacob Markstrom with a rebound.
2:59 of 1st period - Minor Penalty to B.J. Crombeen for Hooking.
3:00 of 1st period - Jesse Winchester wins face-off versus Josh Hennessy in Senators zone.
3:03 of 1st period - Slapshot by Jesse Winchester.
3:03 of 1st period - Shot Misses the Net.
3:05 of 1st period - Slapshot by Matt Taormina.
3:05 of 1st period - Goal by Matt Taormina - Wiprows : 1 - Senators : 0.
3:06 of 1st period - Nick Bonino wins face-off versus Cody Hodgson in neutral zone.
3:09 of 1st period - Wrist shot by Linden Vey.
3:09 of 1st period - Shot Misses the Net.
3:11 of 1st period - Backhand shot by Linden Vey.
3:11 of 1st period - Shot Misses the Net.
3:13 of 1st period - Wrist shot by Nick Bonino.
3:13 of 1st period - Shot Blocked by Steven Goertzen.
3:15 of 1st period - Wrist shot by Thomas Hickey.
3:15 of 1st period - Shot Blocked by Shane Sims.
3:17 of 1st period - Snap shot by Gord Baldwin.
3:17 of 1st period - Goal by Gord Baldwin - Wiprows : 2 - Senators : 0.
3:18 of 1st period - Jesse Winchester wins face-off versus Cody Hodgson in neutral zone.
3:54 of 1st period - Wrist shot by Pavel Brendl.
3:54 of 1st period - Shot Misses the Net.
3:56 of 1st period - Slapshot by Kevin Connauton.
3:56 of 1st period - Deflect By Joshua Bailey.
3:56 of 1st period - Goal by Joshua Bailey - Wiprows : 3 - Senators : 0.
3:57 of 1st period - Nick Bonino wins face-off versus Mark Olver in neutral zone.
4:09 of 1st period - Wrist shot by Jack Skille.
4:09 of 1st period - Stopped by Al Montoya with a rebound.
4:11 of 1st period - Slapshot by Nicolas Deslauriers.
4:11 of 1st period - Stopped by Al Montoya without a rebound.
4:12 of 1st period - Jesse Winchester wins face-off versus Josh Hennessy in Wiprows zone.
4:17 of 1st period - Snap shot by B.J. Crombeen.
4:17 of 1st period - Deflect By Jesse Winchester.
4:17 of 1st period - Shot Misses the Net.
4:17 of 1st period - Puck is out of play.
4:18 of 1st period - Josh Hennessy wins face-off versus Jesse Winchester in Wiprows zone.
4:27 of 1st period - Wrist shot by Josh Hennessy.
4:27 of 1st period - Stopped by Al Montoya with a rebound.
4:29 of 1st period - Backhand shot by Vladimir Mihalik.
4:29 of 1st period - Shot Blocked by Matt Taormina.
4:31 of 1st period - Snap shot by B.J. Crombeen.
4:31 of 1st period - Shot Blocked by Kevin Connauton.
4:33 of 1st period - Slapshot by Sergei Kostitsyn.
4:33 of 1st period - Shot Blocked by Jesse Winchester.
4:47 of 1st period - Backhand shot by Gabriel Bourque.
4:47 of 1st period - Stopped by Al Montoya with a rebound.
4:49 of 1st period - Snap shot by Erik Haula.
4:49 of 1st period - Shot Blocked by Matt Taormina.
4:51 of 1st period - Snap shot by Erik Haula.
4:51 of 1st period - Stopped by Al Montoya without a rebound.
4:52 of 1st period - Nick Bonino wins face-off versus Cody Hodgson in Wiprows zone.
5:17 of 1st period - Logan Stephenson is hit by Joshua Bailey and loses puck.
5:24 of 1st period - Slapshot by Tyson Barrie.
5:24 of 1st period - Stopped by Al Montoya without a rebound.
5:25 of 1st period - Dana Tyrell wins face-off versus Mark Olver in Wiprows zone.
5:25 of 1st period - Dana Tyrell is hit by Patrick Wey.
6:29 of 1st period - Jesse Winchester is hit by Tyson Barrie and loses puck.
6:57 of 1st period - Snap shot by Jiri Tlusty.
6:57 of 1st period - Shot Misses the Net.
6:59 of 1st period - Slapshot by Matt Taormina.
6:59 of 1st period - Deflect By Logan Stephenson.
6:59 of 1st period - Stopped by Jacob Markstrom with a rebound.
7:13 of 1st period - Logan Stephenson is hit by Jesse Winchester and loses puck.
8:08 of 1st period - Icing by Arturs Kulda.
8:09 of 1st period - Joshua Bailey wins face-off versus Mark Olver in Wiprows zone.
8:14 of 1st period - Mark Olver is hit by Linden Vey and loses puck.
9:23 of 1st period - Wrist shot by Shane Sims.
9:23 of 1st period - Deflect By Gabriel Bourque.
9:23 of 1st period - Stopped by Al Montoya with a rebound.
9:54 of 1st period - Off-side.
9:55 of 1st period - Mark Olver wins face-off versus Nick Bonino in neutral zone.
10:08 of 1st period - Slapshot by Nick Bonino.
10:08 of 1st period - Shot Blocked by Vladimir Mihalik.
10:26 of 1st period - Slapshot by Jesse Winchester.
10:26 of 1st period - Shot Misses the Net.
10:28 of 1st period - Minor Penalty to Vladimir Mihalik for Diving.
10:29 of 1st period - Jesse Winchester wins face-off versus Josh Hennessy in Senators zone.
10:32 of 1st period - Slapshot by Jesse Winchester.
10:32 of 1st period - Shot Misses the Net.
10:34 of 1st period - Slapshot by Matt Taormina.
10:34 of 1st period - Deflect By B.J. Crombeen.
10:34 of 1st period - Stopped by Jacob Markstrom without a rebound.
10:35 of 1st period - Josh Hennessy wins face-off versus Jesse Winchester in Senators zone.
10:41 of 1st period - Icing by Jesse Winchester.
10:42 of 1st period - Josh Hennessy wins face-off versus Jesse Winchester in Wiprows zone.
10:47 of 1st period - Slapshot by Josh Hennessy.
10:47 of 1st period - Shot Misses the Net.
10:49 of 1st period - Wrist shot by Logan Stephenson.
10:49 of 1st period - Stopped by Al Montoya with a rebound.
10:51 of 1st period - Snap shot by B.J. Crombeen.
10:51 of 1st period - Stopped by Al Montoya with a rebound.
10:53 of 1st period - Snap shot by Logan Stephenson.
10:53 of 1st period - Stopped by Al Montoya without a rebound.
10:54 of 1st period - Josh Hennessy wins face-off versus Jesse Winchester in Wiprows zone.
11:27 of 1st period - Wrist shot by Nick Bonino.
11:27 of 1st period - Stopped by Jacob Markstrom with a rebound.
11:29 of 1st period - Slapshot by Matt Frattin.
11:29 of 1st period - Goal by Matt Frattin - Wiprows : 4 - Senators : 0.
11:29 of 1st period - Alexander Salak enters game.
11:30 of 1st period - Jesse Winchester wins face-off versus Steven Goertzen in neutral zone.
11:30 of 1st period - Jesse Winchester is hit by Vladimir Mihalik.
11:36 of 1st period - Snap shot by Jesse Winchester.
11:36 of 1st period - Deflect By Vladimir Mihalik.
11:36 of 1st period - Stopped by Alexander Salak with a rebound.
11:38 of 1st period - Wrist shot by Jesse Winchester.
11:38 of 1st period - Stopped by Alexander Salak with a rebound.
11:40 of 1st period - Snap shot by Matt Taormina.
11:40 of 1st period - Shot Blocked by Patrick Wey.
11:42 of 1st period - Snap shot by Jiri Tlusty.
11:42 of 1st period - Goal by Jiri Tlusty - Wiprows : 5 - Senators : 0.
11:43 of 1st period - Josh Hennessy wins face-off versus Jesse Winchester in neutral zone.
11:53 of 1st period - Minor Penalty to Jiri Tlusty for Hooking.
11:54 of 1st period - Joshua Bailey wins face-off versus Josh Hennessy in Wiprows zone.
11:54 of 1st period - Joshua Bailey is hit by Vladimir Mihalik.
12:05 of 1st period - Matt Taormina is hit by B.J. Crombeen and loses puck.
13:37 of 1st period - Jonathan Tremblay is hit by Vladimir Mihalik and loses puck.
13:53 of 1st period - Penalty to Jiri Tlusty is over, Jiri Tlusty is back on ice.
13:59 of 1st period - Gabriel Bourque is hit by Linden Vey and loses puck.
14:10 of 1st period - Linden Vey is hit by Dan Bertram and loses puck.
14:26 of 1st period - Snap shot by Jack Skille.
14:26 of 1st period - Shot Misses the Net.
14:28 of 1st period - Slapshot by Patrick Wey.
14:28 of 1st period - Shot Blocked by Gord Baldwin.
14:30 of 1st period - Backhand shot by Patrick Wey.
14:30 of 1st period - Stopped by Al Montoya with a rebound.
15:18 of 1st period - Snap shot by Pavel Brendl.
15:18 of 1st period - Deflect By Joshua Bailey.
15:18 of 1st period - Stopped by Alexander Salak with a rebound.
15:20 of 1st period - Slapshot by Joshua Bailey.
15:20 of 1st period - Shot Blocked by Erik Haula.
15:43 of 1st period - Steven Goertzen is hit by Matt Frattin and loses puck.
16:13 of 1st period - Josh Hennessy is hit by Brandon Bollig and loses puck.
16:55 of 1st period - Erik Haula is hit by Joshua Bailey and loses puck.
17:02 of 1st period - Dan Bertram is hit by Joshua Bailey and loses puck.
17:46 of 1st period - Arturs Kulda is hit by Vladimir Mihalik and loses puck.
18:00 of 1st period - Logan Stephenson is hit by Brandon Bollig and loses puck.
18:07 of 1st period - Slapshot by Nick Bonino.
18:07 of 1st period - Stopped by Alexander Salak without a rebound.
18:08 of 1st period - B.J. Crombeen wins face-off versus Jiri Tlusty in Senators zone.
18:13 of 1st period - Sergei Kostitsyn is hit by Thomas Hickey and loses puck.
18:31 of 1st period - B.J. Crombeen is hit by Matt Frattin and loses puck.
19:02 of 1st period - Arturs Kulda is hit by Vladimir Mihalik and loses puck.
19:47 of 1st period - Snap shot by Josh Hennessy.
19:47 of 1st period - Stopped by Al Montoya without a rebound.
19:48 of 1st period - Cody Hodgson wins face-off versus Joshua Bailey in Wiprows zone.
Goals for this period are 5 for Wiprows vs 0 for Senators.
Shots for this period are 14 for Wiprows vs 12 for Senators.
2nd period
0:01 of 2nd period - Nick Bonino wins face-off versus Cody Hodgson in neutral zone.
0:21 of 2nd period - Minor Penalty to Brett Sterling for Tripping.
0:22 of 2nd period - Jesse Winchester wins face-off versus Josh Hennessy in Senators zone.
0:25 of 2nd period - Snap shot by Jesse Winchester.
0:25 of 2nd period - Shot Blocked by Shane Sims.
0:27 of 2nd period - Wrist shot by Linden Vey.
0:27 of 2nd period - Stopped by Alexander Salak with a rebound.
0:29 of 2nd period - Slapshot by Matt Taormina.
0:29 of 2nd period - Shot Misses the Net.
0:31 of 2nd period - Slapshot by Matt Taormina.
0:31 of 2nd period - Shot Misses the Net.
0:33 of 2nd period - Slapshot by Thomas Hickey.
0:33 of 2nd period - Stopped by Alexander Salak with a rebound.
0:35 of 2nd period - Snap shot by Jiri Tlusty.
0:35 of 2nd period - Stopped by Alexander Salak with a rebound.
2:19 of 2nd period - Snap shot by Jesse Winchester.
2:19 of 2nd period - Shot Misses the Net.
2:21 of 2nd period - Penalty to Brett Sterling is over, Brett Sterling is back on ice.
2:21 of 2nd period - Slapshot by Kevin Connauton.
2:21 of 2nd period - Stopped by Alexander Salak without a rebound.
2:22 of 2nd period - Cody Hodgson wins face-off versus Joshua Bailey in Senators zone.
2:51 of 2nd period - Wrist shot by Jonathan Tremblay.
2:51 of 2nd period - Stopped by Alexander Salak with a rebound.
2:56 of 2nd period - Minor Penalty to Josh Hennessy for Holding.
2:57 of 2nd period - Dylan Hunter wins face-off versus Drayson Bowman in Senators zone.
3:03 of 2nd period - Snap shot by Nick Bonino.
3:03 of 2nd period - Shot Misses the Net.
4:56 of 2nd period - Penalty to Josh Hennessy is over, Josh Hennessy is back on ice.
5:27 of 2nd period - Slapshot by Tyson Barrie.
5:27 of 2nd period - Stopped by Al Montoya without a rebound.
5:28 of 2nd period - Dana Tyrell wins face-off versus Erik Haula in Wiprows zone.
6:00 of 2nd period - Snap shot by Nick Bonino.
6:00 of 2nd period - Stopped by Alexander Salak without a rebound.
6:01 of 2nd period - Linden Vey wins face-off versus Brett Sterling in Senators zone.
6:10 of 2nd period - Snap shot by Brett Sterling.
6:10 of 2nd period - Stopped by Al Montoya with a rebound.
6:31 of 2nd period - Slapshot by Linden Vey.
6:31 of 2nd period - Deflect By Logan Stephenson.
6:31 of 2nd period - Shot Misses the Net.
6:31 of 2nd period - Puck is out of play.
6:32 of 2nd period - Mark Olver wins face-off versus Jesse Winchester in Senators zone.
6:46 of 2nd period - Minor Penalty to Vladimir Mihalik for Interference.
6:47 of 2nd period - Josh Hennessy wins face-off versus Jesse Winchester in Senators zone.
6:56 of 2nd period - Wrist shot by Jesse Winchester.
6:56 of 2nd period - Shot Blocked by B.J. Crombeen.
6:58 of 2nd period - Snap shot by Jiri Tlusty.
6:58 of 2nd period - Stopped by Alexander Salak with a rebound.
7:00 of 2nd period - Slapshot by Thomas Hickey.
7:00 of 2nd period - Stopped by Alexander Salak with a rebound.
7:12 of 2nd period - Snap shot by Nick Bonino.
7:12 of 2nd period - Shot Misses the Net.
7:14 of 2nd period - Wrist shot by Drayson Bowman.
7:14 of 2nd period - Stopped by Alexander Salak with a rebound.
7:16 of 2nd period - Wrist shot by Drayson Bowman.
7:16 of 2nd period - Shot Misses the Net.
7:18 of 2nd period - Wrist shot by Drayson Bowman.
7:18 of 2nd period - Stopped by Alexander Salak with a rebound.
7:20 of 2nd period - Slapshot by Nick Bonino.
7:20 of 2nd period - Goal by Nick Bonino - Wiprows : 6 - Senators : 0.
7:21 of 2nd period - Jesse Winchester wins face-off versus Cody Hodgson in neutral zone.
7:32 of 2nd period - Wrist shot by Jesse Winchester.
7:32 of 2nd period - Shot Blocked by Vladimir Mihalik.
8:12 of 2nd period - Slapshot by Vladimir Mihalik.
8:12 of 2nd period - Shot Blocked by Brandon Bollig.
8:14 of 2nd period - Slapshot by B.J. Crombeen.
8:14 of 2nd period - Stopped by Al Montoya with a rebound.
8:16 of 2nd period - Slapshot by Vladimir Mihalik.
8:16 of 2nd period - Shot Misses the Net.
8:46 of 2nd period - Minor Penalty to Linden Vey for Hooking.
8:47 of 2nd period - Josh Hennessy wins face-off versus Joshua Bailey in Wiprows zone.
9:18 of 2nd period - Wrist shot by Jonathan Tremblay.
9:18 of 2nd period - Stopped by Alexander Salak without a rebound.
9:19 of 2nd period - Dana Tyrell wins face-off versus Josh Hennessy in Senators zone.
9:22 of 2nd period - Slapshot by Jonathan Tremblay.
9:22 of 2nd period - Stopped by Alexander Salak with a rebound.
9:25 of 2nd period - Icing by Vladimir Mihalik.
9:26 of 2nd period - Joshua Bailey wins face-off versus Sergei Kostitsyn in Senators zone.
9:39 of 2nd period - Snap shot by Sergei Kostitsyn.
9:39 of 2nd period - Stopped by Al Montoya with a rebound.
9:41 of 2nd period - Snap shot by B.J. Crombeen.
9:41 of 2nd period - Stopped by Al Montoya without a rebound.
9:42 of 2nd period - Joshua Bailey wins face-off versus Josh Hennessy in Wiprows zone.
10:05 of 2nd period - Snap shot by Steven Goertzen.
10:05 of 2nd period - Stopped by Al Montoya without a rebound.
10:06 of 2nd period - Cody Hodgson wins face-off versus Dana Tyrell in Wiprows zone.
10:07 of 2nd period - Wrist shot by Steven Goertzen.
10:07 of 2nd period - Goal by Steven Goertzen - Wiprows : 6 - Senators : 1.
10:08 of 2nd period - Josh Hennessy wins face-off versus Jesse Winchester in neutral zone.
10:42 of 2nd period - Slapshot by Cody Hodgson.
10:42 of 2nd period - Shot Blocked by Kevin Connauton.
11:14 of 2nd period - Logan Stephenson is hit by Jiri Tlusty and loses puck.
11:34 of 2nd period - Snap shot by Logan Stephenson.
11:34 of 2nd period - Shot Misses the Net.
11:40 of 2nd period - B.J. Crombeen is hit by Jordan Szwarz and loses puck.
11:53 of 2nd period - Cody Hodgson is hit by Nick Bonino and loses puck.
12:10 of 2nd period - Steven Goertzen is hit by Nick Bonino and loses puck.
12:39 of 2nd period - Wrist shot by Steven Goertzen.
12:39 of 2nd period - Stopped by Al Montoya without a rebound.
12:40 of 2nd period - Jesse Winchester wins face-off versus Josh Hennessy in Wiprows zone.
13:13 of 2nd period - Snap shot by Joshua Bailey.
13:13 of 2nd period - Deflect By Pavel Brendl.
13:13 of 2nd period - Stopped by Alexander Salak with a rebound.
13:15 of 2nd period - Slapshot by Arturs Kulda.
13:15 of 2nd period - Stopped by Alexander Salak with a rebound.
13:30 of 2nd period - Backhand shot by Mark Olver.
13:30 of 2nd period - Stopped by Al Montoya without a rebound.
13:31 of 2nd period - Josh Hennessy wins face-off versus Matt Frattin in Wiprows zone.
13:32 of 2nd period - Wrist shot by B.J. Crombeen.
13:32 of 2nd period - Shot Misses the Net.
13:34 of 2nd period - Wrist shot by Sergei Kostitsyn.
13:34 of 2nd period - Stopped by Al Montoya with a rebound.
13:36 of 2nd period - Slapshot by Josh Hennessy.
13:36 of 2nd period - Stopped by Al Montoya with a rebound.
13:38 of 2nd period - Snap shot by Sergei Kostitsyn.
13:38 of 2nd period - Stopped by Al Montoya with a rebound.
13:52 of 2nd period - Minor Penalty to Jesse Winchester for Hooking.
13:53 of 2nd period - Joshua Bailey wins face-off versus Josh Hennessy in Wiprows zone.
13:53 of 2nd period - Joshua Bailey is hit by Sergei Kostitsyn.
14:05 of 2nd period - Wrist shot by Sergei Kostitsyn.
14:05 of 2nd period - Goal by Sergei Kostitsyn - Wiprows : 6 - Senators : 2.
14:06 of 2nd period - Josh Hennessy wins face-off versus Jesse Winchester in neutral zone.
14:13 of 2nd period - Wrist shot by Sergei Kostitsyn.
14:13 of 2nd period - Deflect By Josh Hennessy.
14:13 of 2nd period - Stopped by Al Montoya without a rebound.
14:14 of 2nd period - Josh Hennessy wins face-off versus Jesse Winchester in Wiprows zone.
14:19 of 2nd period - Snap shot by Josh Hennessy.
14:19 of 2nd period - Shot Blocked by Jesse Winchester.
14:21 of 2nd period - Slapshot by Vladimir Mihalik.
14:21 of 2nd period - Shot Blocked by Kevin Connauton.
14:23 of 2nd period - Slapshot by Vladimir Mihalik.
14:23 of 2nd period - Deflect By Matt Taormina.
14:23 of 2nd period - Stopped by Al Montoya without a rebound.
14:24 of 2nd period - Jesse Winchester wins face-off versus Josh Hennessy in Wiprows zone.
14:51 of 2nd period - Patrick Wey is hit by Linden Vey and loses puck.
15:18 of 2nd period - Slapshot by Mark Olver.
15:18 of 2nd period - Deflect By Jack Skille.
15:18 of 2nd period - Stopped by Al Montoya with a rebound.
15:34 of 2nd period - Snap shot by Gabriel Bourque.
15:34 of 2nd period - Shot Misses the Net.
15:59 of 2nd period - Logan Stephenson is hit by Matt Irwin and loses puck.
16:12 of 2nd period - Logan Stephenson is hit by Nick Bonino and loses puck.
16:35 of 2nd period - Snap shot by Joshua Bailey.
16:35 of 2nd period - Stopped by Alexander Salak without a rebound.
16:36 of 2nd period - Josh Hennessy wins face-off versus Jesse Winchester in Senators zone.
16:41 of 2nd period - Slapshot by Sergei Kostitsyn.
16:41 of 2nd period - Goal by Sergei Kostitsyn - Wiprows : 6 - Senators : 3.
16:42 of 2nd period - Jesse Winchester wins face-off versus Josh Hennessy in neutral zone.
17:16 of 2nd period - Matt Frattin is hit by Vladimir Mihalik and loses puck.
17:57 of 2nd period - Snap shot by Jesse Winchester.
17:57 of 2nd period - Stopped by Alexander Salak with a rebound.
17:59 of 2nd period - Wrist shot by Jiri Tlusty.
17:59 of 2nd period - Shot Blocked by Patrick Wey.
18:01 of 2nd period - Wrist shot by Jiri Tlusty.
18:01 of 2nd period - Shot Misses the Net.
18:03 of 2nd period - Slapshot by Matt Taormina.
18:03 of 2nd period - Deflect By Jesse Winchester.
18:03 of 2nd period - Stopped by Alexander Salak with a rebound.
18:05 of 2nd period - Snap shot by Jesse Winchester.
18:05 of 2nd period - Stopped by Alexander Salak with a rebound.
18:07 of 2nd period - Slapshot by Matt Taormina.
18:07 of 2nd period - Deflect By Jiri Tlusty.
18:07 of 2nd period - Stopped by Alexander Salak with a rebound.
18:09 of 2nd period - Snap shot by Jiri Tlusty.
18:09 of 2nd period - Shot Misses the Net.
18:29 of 2nd period - Wrist shot by Jesse Winchester.
18:29 of 2nd period - Deflect By Vladimir Mihalik.
18:29 of 2nd period - Shot Blocked by Sergei Kostitsyn.
18:29 of 2nd period - Puck is out of play.
18:30 of 2nd period - Cody Hodgson wins face-off versus Nick Bonino in Senators zone.
18:30 of 2nd period - Cody Hodgson is hit by Brandon Bollig.
18:57 of 2nd period - Dylan Hunter is hit by Pavel Brendl and loses puck.
19:18 of 2nd period - Slapshot by Matt Irwin.
19:18 of 2nd period - Deflect By Jonathan Tremblay.
19:18 of 2nd period - Deflect By Erik Haula.
19:18 of 2nd period - Stopped by Alexander Salak with a rebound.
19:26 of 2nd period - Wrist shot by Jonathan Tremblay.
19:26 of 2nd period - Shot Misses the Net.
19:28 of 2nd period - Snap shot by Matt Irwin.
19:28 of 2nd period - Stopped by Alexander Salak with a rebound.
Goals for this period are 1 for Wiprows vs 3 for Senators.
Shots for this period are 22 for Wiprows vs 17 for Senators.
3rd period
0:01 of 3rd period - Jesse Winchester wins face-off versus Cody Hodgson in neutral zone.
0:06 of 3rd period - Snap shot by Jesse Winchester.
0:06 of 3rd period - Stopped by Alexander Salak without a rebound.
0:07 of 3rd period - Steven Goertzen wins face-off versus Jesse Winchester in Senators zone.
1:00 of 3rd period - Snap shot by Jack Skille.
1:00 of 3rd period - Stopped by Al Montoya with a rebound.
1:06 of 3rd period - Pavel Brendl is hit by Jack Skille and loses puck.
1:21 of 3rd period - Snap shot by Gabriel Bourque.
1:21 of 3rd period - Goal by Gabriel Bourque - Wiprows : 6 - Senators : 4.
1:22 of 3rd period - Nick Bonino wins face-off versus Cody Hodgson in neutral zone.
1:25 of 3rd period - Slapshot by Matt Irwin.
1:25 of 3rd period - Stopped by Alexander Salak with a rebound.
1:27 of 3rd period - Slapshot by Matt Irwin.
1:27 of 3rd period - Stopped by Alexander Salak with a rebound.
2:15 of 3rd period - Slapshot by Jesse Winchester.
2:15 of 3rd period - Stopped by Alexander Salak without a rebound.
2:16 of 3rd period - B.J. Crombeen wins face-off versus Jesse Winchester in Senators zone.
3:03 of 3rd period - Patrick Wey is hit by Jordan Szwarz and loses puck.
3:23 of 3rd period - Icing by Kevin Connauton.
3:24 of 3rd period - Cody Hodgson wins face-off versus Jordan Szwarz in Wiprows zone.
3:27 of 3rd period - Snap shot by Steven Goertzen.
3:27 of 3rd period - Stopped by Al Montoya without a rebound.
3:28 of 3rd period - Nick Bonino wins face-off versus Cody Hodgson in Wiprows zone.
4:53 of 3rd period - Icing by Vladimir Mihalik.
4:54 of 3rd period - Jesse Winchester wins face-off versus Cody Hodgson in Senators zone.
5:09 of 3rd period - Cody Hodgson is hit by Jiri Tlusty and loses puck.
5:27 of 3rd period - Minor Penalty to Patrick Wey for Holding.
5:28 of 3rd period - Jiri Tlusty wins face-off versus Josh Hennessy in Senators zone.
5:40 of 3rd period - Slapshot by Jiri Tlusty.
5:40 of 3rd period - Stopped by Alexander Salak with a rebound.
5:42 of 3rd period - Slapshot by Jiri Tlusty.
5:42 of 3rd period - Stopped by Alexander Salak with a rebound.
5:44 of 3rd period - Slapshot by Jiri Tlusty.
5:44 of 3rd period - Shot Blocked by Shane Sims.
6:00 of 3rd period - Wrist shot by Thomas Hickey.
6:00 of 3rd period - Deflect By Matt Frattin.
6:00 of 3rd period - Shot Misses the Net.
6:00 of 3rd period - Puck is out of play.
6:01 of 3rd period - Steven Goertzen wins face-off versus Nick Bonino in Senators zone.
6:27 of 3rd period - Logan Stephenson is hit by Jesse Winchester.
7:06 of 3rd period - Nick Bonino is hit by B.J. Crombeen and loses puck.
7:27 of 3rd period - Penalty to Patrick Wey is over, Patrick Wey is back on ice.
8:16 of 3rd period - Slapshot by Nick Bonino.
8:16 of 3rd period - Shot Hit the Post.
9:33 of 3rd period - Snap shot by Drayson Bowman.
9:33 of 3rd period - Deflect By Patrick Wey.
9:33 of 3rd period - Shot Misses the Net.
9:33 of 3rd period - Puck is out of play.
9:34 of 3rd period - Mark Olver wins face-off versus Dana Tyrell in Senators zone.
11:19 of 3rd period - Icing by Linden Vey.
11:20 of 3rd period - Cody Hodgson wins face-off versus Joshua Bailey in Wiprows zone.
12:46 of 3rd period - Tyson Barrie is hit by Pavel Brendl and loses puck.
12:53 of 3rd period - Kevin Connauton is hit by Gabriel Bourque and loses puck.
13:10 of 3rd period - Jesse Winchester is hit by Cody Hodgson and loses puck.
13:54 of 3rd period - Nicolas Deslauriers is hit by Linden Vey and loses puck.
14:46 of 3rd period - Icing by B.J. Crombeen.
14:47 of 3rd period - Mark Olver wins face-off versus Jesse Winchester in Senators zone.
15:07 of 3rd period - Jesse Winchester is hit by Gabriel Bourque.
15:40 of 3rd period - Icing by Jordan Szwarz.
15:41 of 3rd period - Josh Hennessy wins face-off versus Dana Tyrell in Wiprows zone.
15:44 of 3rd period - Wrist shot by B.J. Crombeen.
15:44 of 3rd period - Shot Blocked by Dana Tyrell.
15:46 of 3rd period - Snap shot by B.J. Crombeen.
15:46 of 3rd period - Goal by B.J. Crombeen - Wiprows : 6 - Senators : 5.
15:47 of 3rd period - Joshua Bailey wins face-off versus Mark Olver in neutral zone.
16:00 of 3rd period - Wrist shot by Pavel Brendl.
16:00 of 3rd period - Stopped by Alexander Salak with a rebound.
16:12 of 3rd period - Thomas Hickey is hit by Gabriel Bourque and loses puck.
16:22 of 3rd period - Gord Baldwin is hit by Erik Haula and loses puck.
16:35 of 3rd period - Wrist shot by B.J. Crombeen.
16:35 of 3rd period - Stopped by Al Montoya without a rebound.
16:36 of 3rd period - Josh Hennessy wins face-off versus Nick Bonino in Wiprows zone.
16:49 of 3rd period - Snap shot by Sergei Kostitsyn.
16:49 of 3rd period - Stopped by Al Montoya with a rebound.
16:51 of 3rd period - Slapshot by Tyson Barrie.
16:51 of 3rd period - Shot Blocked by Matt Taormina.
17:04 of 3rd period - Off-side.
17:05 of 3rd period - Joshua Bailey wins face-off versus Mark Olver in neutral zone.
17:15 of 3rd period - Thomas Hickey is hit by Patrick Wey and loses puck.
17:29 of 3rd period - Minor Penalty to Pavel Brendl for Tripping.
17:30 of 3rd period - Josh Hennessy wins face-off versus Joshua Bailey in Wiprows zone.
17:39 of 3rd period - Wrist shot by B.J. Crombeen.
17:39 of 3rd period - Deflect By Sergei Kostitsyn.
17:39 of 3rd period - Stopped by Al Montoya without a rebound.
17:40 of 3rd period - Joshua Bailey wins face-off versus Josh Hennessy in Wiprows zone.
18:33 of 3rd period - Wrist shot by Sergei Kostitsyn.
18:33 of 3rd period - Shot Misses the Net.
18:35 of 3rd period - Slapshot by B.J. Crombeen.
18:35 of 3rd period - Stopped by Al Montoya with a rebound.
18:49 of 3rd period - Snap shot by B.J. Crombeen.
18:49 of 3rd period - Stopped by Al Montoya with a rebound.
18:51 of 3rd period - Wrist shot by Josh Hennessy.
18:51 of 3rd period - Shot Blocked by Matt Irwin.
18:53 of 3rd period - Slapshot by Vladimir Mihalik.
18:53 of 3rd period - Shot Misses the Net.
18:55 of 3rd period - Slapshot by Vladimir Mihalik.
18:55 of 3rd period - Shot Misses the Net.
19:09 of 3rd period - Senators, Alexander Salak is pulled from the net.
19:09 of 3rd period - Snap shot by B.J. Crombeen.
19:09 of 3rd period - Shot Blocked by Arturs Kulda.
19:11 of 3rd period - Snap shot by Josh Hennessy.
19:11 of 3rd period - Shot Misses the Net.
19:13 of 3rd period - Slapshot by Shane Sims.
19:13 of 3rd period - Shot Misses the Net.
19:15 of 3rd period - Slapshot by Josh Hennessy.
19:15 of 3rd period - Shot Misses the Net.
19:17 of 3rd period - Backhand shot by Shane Sims.
19:17 of 3rd period - Shot Blocked by Arturs Kulda.
19:19 of 3rd period - Backhand shot by Josh Hennessy.
19:19 of 3rd period - Shot Misses the Net.
19:21 of 3rd period - Slapshot by Shane Sims.
19:21 of 3rd period - Stopped by Al Montoya with a rebound.
19:29 of 3rd period - Penalty to Pavel Brendl is over, Pavel Brendl is back on ice.
19:43 of 3rd period - Wrist shot by B.J. Crombeen.
19:43 of 3rd period - Shot Blocked by Matt Taormina.
19:45 of 3rd period - Slapshot by Shane Sims.
19:45 of 3rd period - Goal by Shane Sims - Wiprows : 6 - Senators : 6.
19:45 of 3rd period - Alexander Salak from Senators was sent back in the game.
19:46 of 3rd period - Jack Skille wins face-off versus Jesse Winchester in neutral zone.
Goals for this period are 0 for Wiprows vs 3 for Senators.
Shots for this period are 7 for Wiprows vs 11 for Senators.
Overtime #1
0:01 of 1st overtime period - Josh Hennessy wins face-off versus Jesse Winchester in neutral zone.
1:40 of 1st overtime period - Nick Bonino is hit by Vladimir Mihalik and loses puck.
2:05 of 1st overtime period - Slapshot by Thomas Hickey.
2:05 of 1st overtime period - Shot Blocked by Mark Olver.
2:25 of 1st overtime period - Drayson Bowman is hit by Brett Sterling and loses puck.
2:42 of 1st overtime period - Thomas Hickey is hit by B.J. Crombeen and loses puck.
3:30 of 1st overtime period - Nick Bonino is hit by Dylan Hunter and loses puck.
4:51 of 1st overtime period - Kevin Connauton is hit by Steven Goertzen and loses puck.
Goals for this period are 0 for Wiprows vs 0 for Senators.
Shots for this period are 0 for Wiprows vs 0 for Senators.
ShootOut
5:00 of 1st overtime period - Penalty Shot by Jesse Winchester for Wiprows.
5:00 of 1st overtime period - Deke by Jesse Winchester.
5:00 of 1st overtime period - Goal by Jesse Winchester.
5:00 of 1st overtime period - Penalty Shot by Josh Hennessy for Senators.
5:00 of 1st overtime period - Wrist shot by Josh Hennessy.
5:00 of 1st overtime period - Shot Misses the Net.
5:00 of 1st overtime period - Penalty Shot by Jiri Tlusty for Wiprows.
5:00 of 1st overtime period - Deke by Jiri Tlusty.
5:00 of 1st overtime period - Goal by Jiri Tlusty.
5:00 of 1st overtime period - Penalty Shot by B.J. Crombeen for Senators.
5:00 of 1st overtime period - Deke by B.J. Crombeen.
5:00 of 1st overtime period - Stopped by Al Montoya.
Output by the SimonT Hockey Simulator (STHS) for François Prévost -- Original Page W3C XHTML 1.0 Valid